 Dungeon Crawl Stone Soup version 0.30-a0-462-gd5975efbca (webtiles) character file.

Game seed: 9516709801017606635

20 zishaf the Chopper (level 2, 0/27 HPs)
             Began as a Minotaur Berserker on Dec 16, 2022.
             Was a Follower of Trog.
             Slain by Natasha (1 damage)
             ... on level 2 of the Dungeon.
             The game lasted 00:00:47 (768 turns).

zishaf the Chopper (Minotaur Berserker)              Turns: 768, Time: 00:00:47

Health: 0/27       AC:  2    Str: 21    XL:     2   Next: 58%
Magic:  1/1        EV: 12    Int:  4    God:    Trog [*.....]
Gold:   51         SH:  0    Dex:  9    Spells: 1/1 levels left

rFire   . . .      SeeInvis .    a - +0 hand axe
rCold   . . .      Faith    .    (no shield)
rNeg    . . .      Spirit   .    b - +0 animal skin
rPois   .          Reflect  .    (helmet restricted)
rElec   .          Harm     .    (no cloak)
rCorr   .          Rampage  .    (no gloves)
Will    .....                    (no boots)
Stlth   +.........               (no amulet)
HPRegen 0.24/turn                (no ring)
MPRegen 0.07/turn                (no ring)

@: slowed, very slow
A: horns 2, retaliatory headbutt
a: Renounce Religion, Berserk


You were on level 2 of the Dungeon.
You worshipped Trog.
Trog was aware of your devotion.
You visited 1 branch of the dungeon, and saw 2 of its levels.

You collected 51 gold pieces.

Inventory:

Hand Weapons
 a - a +0 hand axe (weapon)
Armour
 b - a +0 animal skin (worn)
Scrolls
 c - a scroll of enchant weapon {unknown}
 e - a scroll of poison {unknown}
 g - a scroll of teleportation {unknown}
 h - a scroll of enchant armour {unknown}
 i - a scroll of noise {unknown}
Potions
 d - 2 potions of lignification {unknown}
 f - a potion of heal wounds {unknown}


   Skills:
 + Level 4.2 Fighting
 + Level 4.2 Axes
 - Level 2.4 Armour
 - Level 2.1 Dodging


You had one spell level left.
You didn't know any spells.
Your spell library was empty.

Dungeon Overview and Level Annotations

Branches:
Dungeon (2/15)

Altars:

Annotations:
D:2 Natasha


Innate Abilities, Weirdness & Mutations

You have a pair of horns on your head.
You reflexively headbutt those who attack you in melee.


Message History

No target in view!
Done exploring.
Done exploring.
(D) Dungeon
Where to? (? - help)
There is a stone staircase leading down here.
You climb downwards.
There is a stone staircase leading up here.
There are monsters nearby!
Natasha, Servant of Life and Death comes into view.
Natasha hisses angrily.
The frilled lizard hisses angrily.
Natasha stares at you and mumbles some strange words.
You feel yourself slow down.
Natasha drinks a potion.
Natasha flickers and vanishes!
Deactivating autopickup; reactivate with Ctrl-A.
The helpless endoplasm fails to defend itself.
You slash the endoplasm!
You kill the endoplasm!
Trog accepts your kill.
You closely miss the frilled lizard.
A magic dart appears from out of thin air!
The magic dart hits you!
The frilled lizard bites you but does no damage.
You hit the frilled lizard.
You kill the frilled lizard!
Trog accepts your kill. The white imp gestures at you.
The puff of frost misses you. The white imp gestures at you.
The puff of frost hits you!
You are too injured to fight recklessly!
You are too injured to fight recklessly!
You miss something. The white imp gestures at you. The puff of frost hits you!
* * * LOW HITPOINT WARNING * * *
Something claws you.
* * * LOW HITPOINT WARNING * * *
Something claws you.
You die...

##.##.# #.....#
...... #..#.#
#..#.#
.####..#.####...
.....l.<........
########.####.#.
#@.......
........5......
#######.####..#
#.# ## ..# ###


You could see a white imp (summoned).

Vanquished Creatures
  A dart slug (D:1)
  3 endoplasms
  A goblin (D:1)
  A hobgoblin (D:1)
  A ball python (D:1)
  4 bats (D:1)
  4 frilled lizards
  3 kobolds (D:1)
  A rat (D:1)
19 creatures vanquished.

Notes
Turn   | Place    | Note
-------+----------+-------------------------------------------
     0 | D:1      | zishaf the Minotaur Berserker began the quest for the Orb.
     0 | D:1      | Reached XP level 1. HP: 19/19 MP: 0/0
   277 | D:1      | Reached XP level 2. HP: 21/27 MP: 1/1
   763 | D:2      | Noticed Natasha
   768 | D:2      | HP: 1/27 [something (4)]
   768 | D:2      | Slain by Natasha

Illustrated notes

Levels and vault maps discovered:
D:1:      amcnicky_arrival_wind_blow, layout_basic, serial_forest,
          infiniplex_forest_lined_room_, infiniplex_forest_lined_room_,
          infiniplex_forest_straight_5, infiniplex_forest_3_way
D:2:      layout_loops_ring, kennysheep_generic_room_2, uniq_natasha

Skill      XL: |  1 |
---------------+----+-----
Fighting       | 4 |  4.2
Axes           | 4 |  4.2
Armour         | |  2.4
Dodging        | |  2.1

Action                   || total
-------------------------++-------
Melee: Hand axe          ||    46
       Headbutt          ||     4
       Punch             ||     1
 Stab: Sleeping          ||     1
Armor: Animal skin       ||    10
Dodge: Dodged            ||    32

Table legend: (Time is in decaauts)
 A = Elapsed time spent in this place.
 B = Non-inter-level travel time spent in this place.
 C = Inter-level travel time spent in this place.
 D = Time resting spent in this place.
 E = Time spent auto-exploring this place.
 F = Levels seen in this place.
 G = Mean time per level.
                   A        B        C        D        E       F      G
               +--------+--------+--------+--------+--------+-----+--------+
         Total |    774 |    741 |     33 |      0 |    619 |   2 |  387.0 |
       Dungeon |    774 |    741 |     33 |      0 |    619 |   2 |  387.0 |
               +--------+--------+--------+--------+--------+-----+--------+

Top non-repeatable levels by time:
     D:1: 766 daAuts
     D:2: 8 daAuts
